 Dungeon Crawl Stone Soup version 0.30-a0-760-g5a9884bb7c (webtiles) character file.

Game seed: 8337689366678911510

177 Newt the Trooper (level 5, 0/44 HPs)
             Began as a Demonspawn Gladiator on Feb 10, 2023.
             Constricted to death by a ball python (1 damage)
             ... while paralysed by Grinder
             ... on level 3 of the Dungeon.
             The game lasted 00:02:05 (2398 turns).

Newt the Trooper (Demonspawn Gladiator)             Turns: 2398, Time: 00:02:06

Health: 0/44       AC:  7    Str: 16    XL:     5   Next: 30%
Magic:  5/5        EV: -1    Int:  9    God:
Gold:   143        SH:  0    Dex: 15    Spells: 4/4 levels left

rFire   . . .      SeeInvis .    a - +1 rapier
rCold   . . .      Faith    .    (no shield)
rNeg    . . .      Spirit   .    b - +0 leather armour
rPois   .          Reflect  .    c - +0 helmet
rElec   .          Harm     .    d - +2 cloak
rCorr   .          Rampage  .    (no gloves)
Will    .....                    (no boots)
Stlth   +                        (no amulet)
HPRegen 0.27/turn                (no ring)
MPRegen 0.09/turn                (no ring)

@: paralysed, constricted
A: powered by death 1
a: no special abilities


You were on level 3 of the Dungeon.
You visited 1 branch of the dungeon, and saw 3 of its levels.

You collected 143 gold pieces.

Inventory:

Hand Weapons
 a - a +1 rapier (weapon)
Missiles
 e - a javelin (quivered)
Armour
 b - a +0 leather armour (worn)
 c - a +0 helmet (worn)
 d - a +2 cloak (worn)
Scrolls
 h - a scroll of teleportation
 k - a scroll of amnesia
Potions
 f - a potion of lignification
 g - a potion of heal wounds {unknown}
 i - a potion of degeneration
 j - a potion of ambrosia


   Skills:
 - Level 5.0 Fighting
 - Level 2.6 Short Blades
 + Level 2.9 Throwing
 - Level 2.6 Dodging


You had 4 spell levels left.
You didn't know any spells.
Your spell library contained the following spells:

 Spells                   Type           Power      Damage    Failure   Level
 Ignite Poison            Fire/Tmut/Pois 0%         N/A       83%         3
 Kindle Blastsparks       Fire/Tloc/Air  0%         2d10      83%         3
 Freezing Cloud           Conj/Ice/Air   0%         6-21      100%        5


Dungeon Overview and Level Annotations

Branches:
Dungeon (3/15)

Altars:

Annotations:
D:3 Grinder


Innate Abilities, Weirdness & Mutations

You regenerate a little health from kills.


Message History

The kobold throws a stone.
The stone hits you but does no damage.
Grinder comes into view.
The kobold throws a stone.
The stone hits you but does no damage.
You hit the goblin.
You kill the goblin!
Found 11 gold pieces and 5 stones.
The kobold closely misses you.
A ball python comes into view.
Things that are here:
a +0 club; a goblin corpse The ball python hisses angrily.
You hit the kobold.
You kill the kobold!
Grinder gestures at you. Pain shoots through your body!
Found a diamond ring.
Grinder closely misses you.
Things that are here:
a +0 dagger; 4 stones; a kobold corpse You hit Grinder but do no damage.
Grinder completely misses you.
You hit Grinder but do no damage. The ball python bites you.
The ball python misses you. Grinder gestures at you.
Pain shoots through your body!
You completely miss Grinder.
The ball python bites you but does no damage.
The ball python barely misses you. Grinder gestures at you.
You suddenly lose the ability to move!
The ball python bites you but does no damage.
The ball python grabs you. The ball python constricts you.
The ball python bites you but does no damage.
The ball python constricts you. Grinder hits you!
You writhe in agony.
The ball python bites you.
* * * LOW HITPOINT WARNING * * *
The ball python constricts you. Grinder hits you!
* * * LOW HITPOINT WARNING * * *
You writhe in agony.
* * * LOW HITPOINT WARNING * * *
The ball python bites you but does no damage.
The ball python constricts you.
You die...

=... (.. ... #
##.. # .##.
#..#.#
......!.#.#
.....##5#.#
......S@..#####
#......).......
..#..##.#.####.
#..##.#.$#
#..##.# .#
#<##.# ..
#....# ..
#...## ###
##...#


You could see Grinder and a ball python.

Vanquished Creatures
  Crazy Yiuf (D:2)
  Natasha (twice) (D:2)
  5 adders (D:2)
  3 dart slugs
  4 ball pythons
  3 bats
  8 endoplasms
  2 giant cockroaches
  5 goblins
  3 hobgoblins
  A jackal (D:1)
  A quokka (D:2)
  A frilled lizard (D:1)
  5 kobolds
  A rat (D:1)
45 creatures vanquished.

Notes
Turn   | Place    | Note
-------+----------+-------------------------------------------
     0 | D:1      | Newt the Demonspawn Gladiator began the quest for the Orb.
     0 | D:1      | Reached XP level 1. HP: 16/16 MP: 1/1
   116 | D:1      | Gained mutation: You regenerate a little health from kills.
                  | [demonic ancestry]
   116 | D:1      | Reached XP level 2. HP: 19/23 MP: 2/2
   333 | D:1      | Reached skill level 3 in Fighting
   887 | D:2      | Reached XP level 3. HP: 29/29 MP: 3/3
  1095 | D:2      | Reached skill level 4 in Fighting
  1227 | D:2      | Reached XP level 4. HP: 13/38 MP: 4/4
  1393 | D:2      | Noticed Natasha
  1405 | D:2      | Killed Natasha
  1429 | D:2      | Reached skill level 5 in Fighting
  1466 | D:2      | Noticed Natasha
  1483 | D:2      | Killed Natasha
  1484 | D:2      | Reached XP level 5. HP: 12/44 MP: 5/5
  1876 | D:2      | Found a runed translucent door.
  1877 | D:2      | Noticed Crazy Yiuf
  2262 | D:2      | Killed Crazy Yiuf
  2387 | D:3      | Noticed Grinder
  2395 | D:3      | Paralysed by Grinder for 4 turns
  2397 | D:3      | HP: 1/44 [Grinder (4)]
  2398 | D:3      | Constricted to death by a ball python

Illustrated notes

Levels and vault maps discovered:
D:1:      lemuel_arrival_funnel, layout_basic, chequers_mini_garden,
          kennysheep_another_room, chequers_jeans, roderic_roman_lattice,
          minmay_pentomino_p4
D:2:      layout_basic, uniq_natasha, uniq_crazy_yiuf_cottage
D:3:      layout_rooms, glass_columns_c, small_statue_intersection, uniq_grinder

Skill      XL: |  1  2  3  4 |
---------------+-------------+-----
Fighting       | 3 4 5 |  5.0
Throwing       | 2 |  2.9
Short Blades   | |  2.6
Dodging        | |  2.6

Action                     |  1- 3 |  4- 6 || total
---------------------------+-------+-------++-------
  Melee: Rapier            |   102 |    56 ||   158
         Punch             |     1 |     1 ||     2
  Throw: Throwing net      |       |     7 ||     7
         Javelin           |       |     3 ||     3
    Use: Scroll            |     5 |     4 ||     9
   Stab: Held in net/web   |       |     3 ||     3
 Armour: Leather armour    |    22 |    22 ||    44
  Dodge: Dodged            |    56 |    52 ||   108

Table legend: (Time is in decaauts)
 A = Elapsed time spent in this place.
 B = Non-inter-level travel time spent in this place.
 C = Inter-level travel time spent in this place.
 D = Time resting spent in this place.
 E = Time spent auto-exploring this place.
 F = Levels seen in this place.
 G = Mean time per level.
                   A        B        C        D        E       F      G
               +--------+--------+--------+--------+--------+-----+--------+
         Total |   2425 |   2339 |     86 |    355 |   1620 |   3 |  808.3 |
       Dungeon |   2425 |   2339 |     86 |    355 |   1620 |   3 |  808.3 |
               +--------+--------+--------+--------+--------+-----+--------+

Top non-repeatable levels by time:
     D:2: 1655 daAuts
     D:1: 751 daAuts
     D:3: 18 daAuts
